 Dungeon Crawl Stone Soup version 0.14-a0-817-g3f7b0b1 (webtiles) character file.

8081 4tharraofdagon the Grappler (level 10, -7/89 (92) HPs)
             Began as a Troll Monk on Nov 12, 2013.
             Was the Champion of Makhleb.
             Killed from afar by Erolcha (29 damage)
             ... with a bolt of poison
             ... on Level 2 of the Orcish Mines.
             The game lasted 00:28:43 (4720 turns).

4tharraofdagon the Grappler (Troll Monk)            Turns: 4720, Time: 00:28:43

HP  -7/89 (92)   AC  5     Str 21      XL: 10   Next: 76%
MP   8/8         EV  9     Int  9      God: Makhleb [******]
Gold 1295        SH 21     Dex 12      Spells:  0 memorised,  9 levels left

Res.Fire  : . . .   See Invis. : .     - Unarmed
Res.Cold  : . . .   Warding    : .   a - +0 robe
Life Prot.: . . .   Conserve   : .   H - +2 shield
Res.Poison: .       Res.Corr.  : .   (helmet restricted)
Res.Elec. : .       Clarity    : .   (no cloak)
Sust.Abil.: . .     Spirit.Shd : .   (gloves unavailable)
Res.Mut.  : .       Stasis     : .   (boots unavailable)
Res.Rott. : .       Flight     : .   (no amulet)
Gourmand  : +                        s - ring of sustenance
                                     S - ring of flight

@: mildly poisoned, slowed, very slow, somewhat resistant to hostile
enchantments, unstealthy
A: unfitting armour, claws 3, fast metabolism 3, gourmand, regeneration 2,
saprovore 2, tough skin 2, AC +1
a: Minor Destruction, Lesser Servant of Makhleb, Major Destruction, Greater
Servant of Makhleb, Renounce Religion, Evoke Flight


You were on level 2 of the Orcish Mines.
You worshipped Makhleb.
Makhleb was exalted by your worship.
You were completely stuffed.

You visited 2 branches of the dungeon, and saw 13 of its levels.
You visited the Abyss 1 time.
You also visited: Bailey.

You collected 1325 gold pieces.
You spent 30 gold pieces at shops.

Inventory:

Missiles
 l - 4 curare-tipped needles
 V - 5 needles of confusion
Armour
 a - a +0 robe (worn)
 i - a cursed +0 pair of boots
 H - a +2 shield (worn)
Magical devices
 r - a wand of slowing (13)
 t - a wand of teleportation (8)
 v - a wand of flame (18)
 N - a wand of lightning (4)
 P - a wand of fireball (1)
 Q - a wand of disintegration (4)
 T - a wand of fire (3)
Comestibles
 b - 5 meat rations
 c - 4 bread rations
 u - 3 chokos
 E - 2 pears
 Y - 2 sausages
Scrolls
 e - 2 scrolls of enchant armour {unknown}
 m - 4 scrolls of remove curse
 n - a scroll of curse jewellery {unknown}
 o - a scroll of curse weapon {unknown}
 x - 2 scrolls of teleportation
 y - a scroll of enchant weapon I {unknown}
 A - a scroll of random uselessness {unknown}
 B - a scroll of blinking {unknown}
 D - 3 scrolls of immolation {unknown}
 I - a scroll of curse armour {unknown}
 J - a scroll of magic mapping {unknown}
 K - 2 scrolls of fog {unknown}
 O - a scroll of fear {unknown}
 R - a scroll of amnesia {unknown}
Jewellery
 g - a -3 ring of dexterity
 s - a ring of sustenance (right claw)
 C - a cursed ring of fire
 M - an uncursed amulet of warding
 S - a ring of flight (left claw)
Potions
 f - a potion of flight
 h - a potion of resistance
 k - a potion of poison
 q - a potion of magic
 w - a potion of restore abilities
 z - a potion of speed
 F - a potion of heal wounds
 L - a potion of brilliance
 U - 3 potions of slowing
 W - 2 potions of mutation {unknown}
 X - a potion of confusion {unknown}
 Z - a potion of paralysis
Miscellaneous
 p - a plain deck of defence {drawn: 2}


   Skills:
 - Level 4.2 Fighting
 - Level 2.4 Dodging
 - Level 1.1 Stealth
 + Level 4.4 Shields
 * Level 14.0 Unarmed Combat
 + Level 3.1 Invocations
 - Level 2.5 Evocations


You had 9 spell levels left.
You didn't know any spells.

Dungeon Overview and Level Annotations

Branches:
Dungeon (11/27)               Orc (2/4) D:8
 Temple: D:4-7         Lair: D:8-13

Altars:
Makhleb
Nemelex Xobeh
Okawaru
Beogh

Shops:
D:5 *   D:6 [

Portals:
Ziggurat: D:7 (4780 gp)

Annotations:
Orc:2 Erolcha, Nergalle


Innate Abilities, Weirdness & Mutations

You are too large for most types of armour.
You have claws for hands.
Your metabolism is lightning-fast.
You like to eat raw meat.
You heal very quickly.
You can eat rotten meat.
You are covered in fur (AC +1).
You have very tough skin (AC +2).


Message History

Evoke which item? (* to show all) (? for menu, Esc to quit)
Zapping:
t - a wand of teleportation {recharged}
Press: ? - help, Shift-Dir - straight line, f - you You feel strangely unstable.
The orc barely misses you. It hits you but does no damage.
The orc wizard points at you and mumbles some strange words.
You resist.
The orc hits you with an orcish hand axe!
* * * LOW HITPOINT WARNING * * *
It hits you but does no damage. The orc barely misses you.
Unknown command.
Unknown command.
Unknown command.
Your surroundings suddenly seem different.
The orc wizard points at you and mumbles some strange words.
The magic dart hits you!
* * * LOW HITPOINT WARNING * * *
The bolt of poison hits you!
You are more poisoned.
You die...

#....# ####### #..###
#8...8# #....#
#.....#
##.#.###.._..#
#.....#......#
####.#....8...8#
##.##.#......+###
#...........####
#..@...........# #
#.....).o..##.## #
##......#.####.#####
###...)oo##....##..
###.....<......##...
#.....>o.........#..
........#............
...............#....
#...........#.##)#.#


You could see an orc wizard and 3 orcs.

Vanquished Creatures
  Joseph (Orc:1)
  An orc knight (Orc:1)
  Prince Ribbit (D:6)
  A two-headed ogre (D:10)
  Grum (Orc:1)
  2 hippogriffs
  The ghost of Bloax the Covered, an average FoFi (D:4)
  A hungry ghost (D:7)
  4 wolves (Orc:1)
  Edmund (D:8)
  Menkaure (D:5)
  A necrophage (D:9)
  9 orc warriors
  A sky beast (D:7)
  A yellow wasp (D:10)
  4 centaurs
  7 ogres
  Duvessa (D:9)
  Blork the orc (Orc:1)
  A giant frog (D:6)
  5 crimson imps
  5 hounds
  A goliath beetle (D:9)
  A quasit (D:11)
  A water moccasin skeleton (D:8)
  A jelly (D:11)
  15 orc priests
  15 orc wizards
  3 scorpions
  3 worker ants
  A hound skeleton (D:6)
  2 mummies
  A worker ant zombie (D:6)
  6 adders
  9 gnolls
  An inept item mimic (Orc:1)
  2 worms
  An ooze (D:4)
  99 orcs
  7 bats
  2 giant cockroaches
  10 hobgoblins
  4 jackals (D:5)
  4 training dummies (D:6)
  A ball python (D:5)
  A giant newt (D:4)
  8 goblins
  12 kobolds
  A kobold zombie (D:7)
  7 rats
270 creatures vanquished.

Vanquished Creatures (collateral kills)
  A troll (D:9)
  An orc (Orc:2)
2 creatures vanquished.

Vanquished Creatures (others)
  A ynoxinul (Orc:2)
  An orc (Orc:1)
2 creatures vanquished.

Grand Total: 274 creatures vanquished

Notes
Turn   | Place    | Note
--------------------------------------------------------------
     0 | D:1      | 4tharraofdagon, the Troll Monk, began the quest for the Orb.
     0 | D:1      | Reached XP level 1. HP: 20/20 MP: 0/0
    12 | D:1      | Noticed a shark
   185 | D:5      | Entered Level 5 of the Dungeon
   204 | D:5      | Reached XP level 2. HP: 28/28 MP: 0/0
   299 | D:5      | Found Prawnacs' General Store.
   322 | D:5      | Bought a potion of agility for 30 gold pieces
   330 | D:5      | Noticed an orc wizard
   359 | D:5      | Killed an orc wizard
   359 | D:5      | Reached skill level 5 in Unarmed Combat
   359 | D:5      | Reached XP level 3. HP: 11/35 MP: 1/1
   405 | D:5      | Noticed an orc priest
   406 | D:5      | Noticed a scorpion
   407 | D:5      | Noticed an orc priest
   407 | D:5      | Noticed Menkaure
   408 | D:5      | :D
   412 | D:5      | Noticed an ogre
   414 | D:5      | Noticed a crimson imp
   415 | D:5      | Noticed a worker ant
   421 | D:6      | Found an iron altar of Okawaru.
   431 | D:6      | Killed an ogre
   431 | D:6      | Reached skill level 6 in Unarmed Combat
   431 | D:6      | Reached XP level 4. HP: 16/44 MP: 1/1
   442 | D:6      | Killed a crimson imp
   442 | D:6      | Reached XP level 5. HP: 25/50 MP: 1/1
   478 | D:6      | Noticed Prince Ribbit
   517 | D:7      | Noticed a sky beast
   542 | D:7      | Killed a sky beast
   542 | D:7      | Reached skill level 7 in Unarmed Combat
   565 | D:7      | Noticed a hungry ghost
   583 | D:7      | Killed a hungry ghost
   583 | D:7      | Reached XP level 6. HP: 37/58 MP: 2/2
   588 | D:7      | Found a sparkling altar of Nemelex Xobeh.
   589 | D:7      | Noticed an ogre
   595 | D:7      | Killed an ogre
   595 | D:7      | Reached skill level 8 in Unarmed Combat
   636 | D:7      | Noticed an orc warrior
   689 | D:8      | Reached XP level 7. HP: 59/66 MP: 2/2
   865 | D:8      | Noticed Edmund
   870 | D:7      | :D
  1001 | D:7      | Noticed a centaur
  1015 | D:7      | Killed a centaur
  1015 | D:7      | Reached skill level 9 in Unarmed Combat
  1166 | D:7      | Found a gateway to a ziggurat.
  1228 | D:7      | Noticed an ogre
  1232 | D:7      | Killed an ogre
  1232 | D:7      | Reached skill level 10 in Unarmed Combat
  1330 | D:6      | Reached XP level 8. HP: 59/74 MP: 2/2
  1347 | D:5      | Killed Menkaure
  1478 | D:4      | Noticed Bloax's ghost (average FoFi)
  1488 | D:4      | Killed Bloax's ghost
  1501 | D:4      | rip bud
  1818 | D:5      | Noticed a hound
  1822 | D:5      | Killed a hound
  1857 | D:5      | Found a burning altar of Makhleb.
  1864 | D:5      | Became a worshipper of Makhleb the Destroyer
  1864 | D:5      | Acquired Makhleb's first power
  1864 | D:5      | Acquired Makhleb's second power
  1874 | D:5      | Noticed a crimson imp
  1881 | D:5      | Killed a crimson imp
  1881 | D:5      | Reached skill level 11 in Unarmed Combat
  1966 | D:6      | Noticed an ogre
  1975 | D:6      | Killed an ogre
  1990 | D:6      | Noticed a giant frog
  1999 | D:6      | Killed a giant frog
  2016 | D:6      | Found Saneeph's Antique Armour Shoppe.
  2019 | D:6      | wtf cloak
  2145 | D:6      | Killed Prince Ribbit
  2160 | D:6      | Reached skill level 12 in Unarmed Combat
  2217 | D:6      | Reached XP level 9. HP: 75/80 MP: 3/3
  2292 | D:6      | Acquired Makhleb's third power
  2441 | D:8      | Killed Edmund
  2441 | D:8      | Reached skill level 1 in Evocations
  2451 | D:8      | Found a staircase to the Orcish Mines.
  2528 | D:9      | Reached skill level 1 in Shields
  2544 | D:9      | Reached skill level 1 in Invocations
  2638 | D:9      | Noticed Duvessa
  2842 | D:9      | Killed Duvessa
  2912 | D:10     | Entered Level 10 of the Dungeon
  3186 | D:11     | Acquired Makhleb's fourth power
  3316 | D:11     | Found a flagged portal.
  3320 | Bailey   | Entered a bailey
  3446 | Bailey   | Found a bloodstained altar of Trog.
  3544 | D:10     | Reached XP level 10. HP: 81/88 MP: 8/8
  3733 | Orc:1    | Entered Level 1 of the Orcish Mines
  3733 | Orc:1    | Noticed Joseph
  3756 | Orc:1    | Cast into the Abyss (Joseph)
  3758 | Abyss:1  | what did i do wrong this time
  3764 | Abyss:1  | Noticed a starcursed mass
  3838 | Orc:1    | Escaped the Abyss
  3882 | Orc:1    | Killed Joseph
  3882 | Orc:1    | Reached skill level 13 in Unarmed Combat
  3886 | Orc:1    | Acquired Makhleb's fifth power
  3943 | Orc:1    | Noticed Grum
  3943 | Orc:1    | Noticed an orc knight
  4039 | Orc:1    | Killed an orc knight
  4083 | Orc:1    | Killed Grum
  4231 | Orc:2    | Noticed Nergalle
  4297 | Orc:1    | Noticed Blork the orc
  4324 | Orc:1    | Killed Blork the orc
  4463 | Orc:1    | Reached skill level 14 in Unarmed Combat
  4672 | Orc:2    | Found a roughly hewn altar of Beogh.
  4709 | Orc:1    | Noticed Erolcha
  4720 | Orc:2    | Killed from afar by Erolcha

Action                   |  1- 3 |  4- 6 |  7- 9 | 10-12 || total
-------------------------+-------+-------+-------+-------++-------
Melee: Unarmed           |    60 |    44 |   398 |   279 ||   781
Invok: Lesser Servant of |       |       |     1 |     1 ||     2
Evoke: Deck              |       |     2 |       |       ||     2
       Wand              |       |       |     4 |     6 ||    10
  Use: Potion            |     3 |       |     1 |     5 ||     9
       Scroll            |       |       |     4 |     7 ||    11
 Stab: Sleeping          |       |       |     1 |       ||     1
